 Dungeon Crawl Stone Soup version 0.23.2-30-g0e89c35649 (webtiles) character file.

Game seed: 1034532987265660342

10 Descartes the Grasshopper (level 2, 21/22 HPs)
             Began as a Demonspawn Warper on June 10, 2019.
             Got out of the dungeon alive.
             The game lasted 00:01:02 (688 turns).

Descartes the Grasshopper (Demonspawn Warper)        Turns: 688, Time: 00:01:02

Health: 21/22      AC:  3    Str: 11    XL:     2   Next: 10%
Magic:  5/5        EV: 12    Int: 14    God:
Gold:   18         SH:  0    Dex: 12    Spells: 5/5 levels left

rFire    . . .     SeeInvis .   a - +0 hand axe
rCold    . . .     Gourm    .   (no shield)
rNeg     . . .     Faith    .   b - +0 leather armour
rPois    .         Spirit   .   (no helmet)
rElec    .         Reflect  .   (no cloak)
rCorr    .         Harm     .   (no gloves)
MR       .....                  (no boots)
Stlth    +.........             (no amulet)
HPRegen  0.07/turn              (no ring)
MPRegen  0.09/turn              (no ring)

@: no status effects
A: hooves 1
a: no special abilities


You escaped.
You were not hungry.

You visited 1 branch of the dungeon, and saw 1 of its levels.

You collected 18 gold pieces.

Inventory:

Hand Weapons
 a - a +0 hand axe (weapon)
Missiles
 e - 5 tomahawks of dispersal (quivered)
Armour
 b - a +0 leather armour (worn)
Scrolls
 d - a scroll of blinking
 g - a scroll of remove curse {unknown}
 k - a scroll of enchant weapon {unknown}
 l - a scroll of teleportation {unknown}
Potions
 c - a potion of ambrosia {unknown}
 i - a potion of degeneration {unknown}
 j - 3 potions of heal wounds {unknown}
Comestibles
 f - 3 rations
 h - 3 chunks of flesh


   Skills:
 + Level 2.1 Fighting
 + Level 2.0 Axes
 - Level 0.8 Throwing
 * Level 1.2 Armour
 + Level 1.9 Dodging
 + Level 2.1 Spellcasting
   Level 2.6 Translocations


You had 5 spell levels left.
You didn't know any spells.
Your spell library contained the following spells:

 Spells                   Type           Power        Failure   Level  Hunger
 Blink                    Tloc           N/A          16%         2    ###....
 Shroud of Golubria       Chrm/Tloc      #.........   26%         2    ###....
 Gell's Gravitas          Tloc           #.........   30%         3    ####...
 Lesser Beckoning         Tloc           #.........   30%         3    ####...
 Teleport Other           Tloc           #.......     30%         3    ####...
 Passage of Golubria      Tloc           N/A          71%         4    #####..


Dungeon Overview and Level Annotations

Branches:
Dungeon (1/15)

Altars:


Innate Abilities, Weirdness & Mutations

You have large cloven feet.


Message History

The kobold hits you with a +0 whip. The kobold hits you but does no damage.
You hit the kobold but do no damage. Your kick misses the kobold.
The kobold closely misses you.
You barely miss the kobold. Your kick misses the kobold.
The kobold barely misses you.
You barely miss the kobold. The kobold hits you but does no damage.
You hit the kobold but do no damage. The kobold hits you with a +0 whip.
You closely miss the kobold. Your kick misses the kobold.
The kobold hits you with a +0 whip. The kobold hits you but does no damage.
You hit the kobold.
You kill the kobold!
l - a scroll labeled UCZAEG TULEY
Things that are here:
a +0 whip; 15 stones Unknown command.
There is a staircase leading out of the dungeon here.
You can't go up here!
There is a staircase leading out of the dungeon here.
Are you sure you want to leave the Dungeon?
This will make you lose the game!
You have escaped!

##.......#########.....#
##.....####....# ####.##
##....#.#.......# ###
#....##^....###.###
##...##....###.....###
#....#....##.........# #
#...##...##...#####...#
#
#...######...##...##....
# #........#...##.@.#
#### #####
#...#....#...##...# .
#....
#...##...##...##.##...#
##....
#....#....##.........#
#.....
##...##....###.....###
##...##
#....##.....#######
##....#. ##...
###.......# ###....##.
## ####....#
####.....##..
####.####.......##..#


There were no monsters in sight!

Vanquished Creatures
  3 goblins (D:1)
  A hobgoblin (D:1)
  A frilled lizard (D:1)
  3 kobolds (D:1)
  3 rats (D:1)
11 creatures vanquished.

Notes
Turn   | Place    | Note
-------+----------+-------------------------------------------
     0 | D:1      | Descartes the Demonspawn Warper began the quest for the
                  | Orb.
     0 | D:1      | Reached XP level 1. HP: 16/16 MP: 3/3
   135 | D:1      | Reached skill level 1 in Armour
   466 | D:1      | Gained mutation: You have large cloven feet. [demonic
                  | ancestry]
   466 | D:1      | Reached XP level 2. HP: 22/22 MP: 5/5
   688 | D:$      | Got out of the dungeon alive.

Skill      XL: |  1  2 |
---------------+-------+-----
Armour         | 1 |  1.2
Axes           | 2 |  2.0
Fighting       | |  2.1
Throwing       | |  0.8
Dodging        | |  1.9
Spellcasting   | |  2.1
Translocations | |  2.6

Action                   || total
-------------------------++-------
Melee: Hand axe          ||    32
       Kick              ||     1
Armor: Leather armour    ||     9
Dodge: Dodged            ||    17
